 Dungeon Crawl Stone Soup version 0.31-a0-851-g7ff8af7976 (webtiles) character file.

Game seed: 5716232107828265678

1210 BinkBink the Cleaver (level 8, -17/71 HPs)
             Began as a Minotaur Berserker on Oct 5, 2023.
             Was a Priest of Trog.
             Demolished by an orc warrior
             ... wielding a +0 glaive
              (20 damage)
             ... on level 7 of the Dungeon.
             The game lasted 00:07:27 (5728 turns).

BinkBink the Cleaver (Minotaur Berserker)           Turns: 5728, Time: 00:07:28

Health: -17/71     AC:  6    Str: 25    XL:     8   Next: 22%
Magic:  7/7        EV: 11    Int:  4    God:    Trog [***...]
Gold:   323        SH:  0    Dex:  9    Spells: 7/7 levels left

rFire   . . .        D - +5 broad axe (heavy)
rCold   . . .        (no shield)
rNeg    . . .        g - +0 ring mail
rPois   .            (helmet restricted)
rElec   .            (no cloak)
rCorr   .            (no gloves)
SInv    .            (no boots)
Will    .....        (no amulet) Stlth
                     (no ring)
HPRegen 0.31/turn    (no ring)
MPRegen 0.10/turn

%: no passive effects
@: no status effects
A: horns 2, retaliatory headbutt
a: Renounce Religion, Berserk, Trog's Hand


You were on level 7 of the Dungeon.
You worshipped Trog.
Trog was most pleased with you.
You visited 1 branch of the dungeon, and saw 7 of its levels.

You collected 323 gold pieces.

Inventory:

Hand Weapons
 a - a +0 hand axe
 i - a +2 mace of draining
 D - a +5 heavy broad axe (weapon)
Armour
 b - a +0 animal skin
 g - a +0 ring mail (worn)
Jewellery
 n - an amulet of the acrobat
 p - a ring of positive energy
 B - a +6 ring of dexterity
Wands
 x - a wand of flame (31)
 C - a wand of polymorph (11)
Scrolls
 d - 2 scrolls of teleportation
 e - a scroll of poison
 f - 2 scrolls of noise
 k - a scroll of blinking {unknown}
 s - 3 scrolls of fear
 w - 2 scrolls of fog
 y - a scroll of immolation {unknown}
Potions
 h - 3 potions of curing {unknown}
 j - a potion of cancellation {unknown}
 l - a potion of heal wounds {unknown}
 m - 2 potions of haste {unknown}
 o - 2 potions of brilliance {unknown}
 q - a potion of magic {unknown}
 r - a potion of degeneration {unknown}
 u - a potion of invisibility {unknown}
 v - 2 potions of lignification {unknown}
 z - a potion of enlightenment {unknown}
 A - a potion of berserk rage {unknown}


   Skills:
 + Level 6.9 Fighting
 * Level 9.1 Axes
 + Level 6.3 Armour
 - Level 2.1 Dodging


You had 7 spell levels left.
You didn't know any spells.
Your spell library was empty.

Dungeon Overview and Level Annotations

Branches:
Dungeon (7/15)             Temple (0/1) D:6

Altars:
Ashenzari
Hepliaklqana
Okawaru
Qazlal
Trog
Vehumet
The Shining One


Innate Abilities, Weirdness & Mutations

You have a pair of horns on your head.
You reflexively headbutt those who attack you in melee.


Message History

The orc warrior hits you with a +0 glaive!
Something hits you.
The electric eel shoots out a bolt of lightning at you!
The bolt of electricity hits something!
The bolt of electricity hits you.
The orc warrior hits you with a +0 glaive!
Your unstable footing causes you to fumble your attack.
You hear a splashing noise.
The electric eel shoots out a bolt of lightning at you!
The bolt of electricity hits you!
The orc splashes around in the water.
The orc warrior closely misses you. Something hits you.
Your unstable footing causes you to fumble your attack.
The orc warrior hits you with a +0 glaive!
The orc splashes around in the water.
Something hits you but does no damage.
The orc warrior hits you but does no damage.
The orc splashes around in the water.
Something hits you.
* * * LOW HITPOINT WARNING * * *
The orc warrior barely misses you. Something hits you but does no damage.
The electric eel shoots out a bolt of lightning at you!
The bolt of electricity misses the orc.
The bolt of electricity misses you.
The bolt of electricity hits the plant!
The plant begins to die.
The bolt of electricity hits the plant!
The plant begins to die.
The orc warrior barely misses you. You furiously retaliate!
You headbutt the orc warrior!
You hear the faint creaking of a distant portcullis.
The orc warrior barely misses you.
The electric eel shoots out a bolt of lightning at you!
The bolt of electricity hits the plant!
The plant begins to die.
The bolt of electricity hits you.
* * * LOW HITPOINT WARNING * * *
A nearby plant withers and dies.
You are confused.
A nearby plant withers and dies.
You bump into the rock wall.
A nearby plant withers and dies.
The orc warrior closely misses you.
You feel less confused.
The electric eel shoots out a bolt of lightning at you!
The bolt of electricity hits you!
* * * LOW HITPOINT WARNING * * *
The orc warrior hits you from afar with a +0 glaive!!
You die...

#.~♣.##.##~~~♣
#P~.##.#~~~~♣
#.#.~.~)~~♣≈♣
#.#PP~~)♣≈~♣~P
#..P~~♣S~~~.~P.
###..o.PPP~~...
#o#.##.##.... #...#
... ... #@### ###....
#.# ### #.# #.#
####.##############
#.........<.......###
#.##.##..##.##.......
#.##........##.##<###
#.#####..##....##.#


You could see an orc warrior, an electric eel and an orc.

Vanquished Creatures
  An ogre (D:6)
  3 phantoms
  2 centaurs (D:5)
  Blork the orc (D:6)
  A scorpion (D:5)
  A howler monkey (D:5)
  3 hounds
  An orc priest (D:6)
  A jelly (D:6)
  4 iguanas
  2 orc wizards
  A sleepcap (D:4)
  10 adders
  A white imp (D:6)
  4 ufetubi
  6 worms
  6 dart slugs
  9 orcs
  5 ball pythons
  7 bats
  4 endoplasms
  5 giant cockroaches
  9 goblins
  15 hobgoblins
  5 jackals
  7 quokkas
  2 frilled lizards
  10 kobolds
  6 rats
132 creatures vanquished.

Notes
Turn   | Place    | Note
-------+----------+-------------------------------------------
     0 | D:1      | BinkBink the Minotaur Berserker began the quest for the
                  | Orb.
     0 | D:1      | Reached XP level 1. HP: 19/19 MP: 0/0
   122 | D:1      | Reached skill level 4 in Axes
   122 | D:1      | Reached XP level 2. HP: 27/27 MP: 1/1
   255 | D:1      | Found a faded altar of an unknown god.
   428 | D:1      | Reached XP level 3. HP: 32/33 MP: 2/2
   782 | D:1      | Reached ** piety under Trog
  1183 | D:2      | Reached skill level 5 in Axes
  1183 | D:2      | Reached XP level 4. HP: 26/41 MP: 3/3
  1898 | D:3      | Found a radiant altar of Vehumet.
  1917 | D:3      | Reached XP level 5. HP: 46/47 MP: 4/4
  1966 | D:3      | Reached *** piety under Trog
  2466 | D:4      | Found a stormy altar of Qazlal.
  2562 | D:4      | Noticed a phantom
  2569 | D:4      | Killed a phantom
  2570 | D:4      | Reached skill level 5 in Fighting
  2570 | D:4      | Reached skill level 6 in Axes
  2712 | D:4      | Reached XP level 6. HP: 45/56 MP: 5/5
  3274 | D:5      | Entered Level 5 of the Dungeon
  3323 | D:5      | Reached skill level 7 in Axes
  3325 | D:5      | Reached XP level 7. HP: 44/62 MP: 6/6
  3332 | D:5      | Reached skill level 5 in Armour
  3734 | D:5      | Reached skill level 8 in Axes
  4485 | D:6      | Found an iron altar of Okawaru.
  4919 | D:6      | Reached XP level 8. HP: 71/71 MP: 7/7
  5132 | D:6      | Found a staircase to the Ecumenical Temple.
  5274 | D:6      | Found a broken altar of Ashenzari.
  5274 | D:6      | Found a hazy altar of Hepliaklqana.
  5275 | D:6      | Found a glowing golden altar of the Shining One.
  5332 | D:6      | Found a bloodstained altar of Trog.
  5352 | D:6      | Reached skill level 9 in Axes
  5491 | D:6      | Noticed Blork the orc
  5518 | D:6      | Killed Blork the orc
  5728 | D:7      | HP: 3/71 [electric eel/bolt of electricity (17)]
  5728 | D:7      | Demolished by an orc warrior

Illustrated notes

Levels and vault maps discovered:
D:1:      ldierk_walled_garden, layout_basic, ebering_ecumenical_altar_abandoned
D:2:      layout_loops_ring, chequers_decorated_corner, minivault_4,
          minmay_surrounded
D:3:      layout_basic, mainiacjoe_overflow_small_starburst, st_stairs_1,
          minmay_goblin_outpost
D:4:      minmay_recursive_quarters, layout_basic, grunt_qazlal_clouds
D:5:      layout_layer_cave
D:6:      layout_loops_corners, mainiacjoe_overflow_24_doors,
          nicolae_overflow_quartered_altars, minmay_temple_entry_wispy,
          uniq_blork_the_orc
D:7:      layout_loops_cross, lemuel_round_altar, serial_bayou,
          serial_bayou_lagoon_a, serial_bayou_pond_d, serial_bayou_pond_c,
          serial_bayou_shore_b, enter_bailey_8, uniq_jeremiah

Skill      XL: |  1  2  3  4  5  6  7  8 |
---------------+-------------------------+-----
Axes           | 4 5 6 7 8 9 |  9.1
Fighting       | 4 5 6 |  6.9
Armour         | 3 4 6 |  6.3
Dodging        | |  2.1

Action                     |  1- 3 |  4- 6 |  7- 9 || total
---------------------------+-------+-------+-------++-------
  Melee: Hand axe          |    74 |   136 |   131 ||   341
         Headbutt          |    10 |    21 |    16 ||    47
         Punch             |     2 |     1 |       ||     3
         Broad axe         |       |       |     5 ||     5
         Unarmed           |       |       |     4 ||     4
 Invoke: Trog's Hand       |       |       |     2 ||     2
         Berserk           |       |       |     1 ||     1
    Use: Scroll            |       |       |     7 ||     7
   Stab: Sleeping          |     2 |       |       ||     2
 Armour: Animal skin       |    24 |       |       ||    24
         Ring mail         |    14 |    85 |   118 ||   217
         Skin              |       |       |     3 ||     3
  Dodge: Dodged            |    51 |    90 |    99 ||   240

Table legend: (Time is in decaauts)
 A = Elapsed time spent in this place.
 B = Non-inter-level travel time spent in this place.
 C = Inter-level travel time spent in this place.
 D = Time resting spent in this place.
 E = Time spent auto-exploring this place.
 F = Levels seen in this place.
 G = Mean time per level.
                   A        B        C        D        E       F      G
               +--------+--------+--------+--------+--------+-----+--------+
         Total |   5734 |   5551 |    183 |      4 |   4637 |   7 |  819.1 |
       Dungeon |   5734 |   5551 |    183 |      4 |   4637 |   7 |  819.1 |
               +--------+--------+--------+--------+--------+-----+--------+

Top non-repeatable levels by time:
     D:6: 1326 daAuts
     D:5: 1067 daAuts
     D:1: 958 daAuts
     D:4: 807 daAuts
     D:3: 761 daAuts
     D:2: 756 daAuts
     D:7: 57 daAuts
